AoeStats
← Green Assassin

Highland

504082228Analyzed
4v4 RM · 28d ago on Sep 3, 2026· 27m 47s· 8 players
Game mode
Random Map
Map size
Large (8 player)
Population
200
Speed
Normal
Resources
Standard
Victory
Conquest
Starting age
Dark Age
Ending age
Imperial Age
RankedLock teamsTeams togetherTeam positionsShared explorationLock speedFull tech treeHidden civsTurbo modeCheats
Victory
Defeat
🇮🇳 Mongols · India
1267
+12
🇩🇪 Gurjaras · Germany
1237
+13
🇩🇪 Sicilians · Germany
1226
+14
🇷🇴 Mongols · Romania
1135
+17
🇩🇪 Teutons · Germany
1199
-15
🇧🇪 Koreans · Belgium
1177
-14
🇫🇷 Magyars · France
1172
-14
🇩🇪 Vietnamese · Germany
1144
-13
JeanC
0:59 Loom
10:58 Feudal Age
11:43 Double-Bit Axe
11:51 Gold Mining
11:49 Horse Collar
13:30 Fletching
14:51 Padded Archer Armor
22:07 Castle Age
22:15 Elite Skirmisher
22:53 Bodkin Arrow
23:13 Leather Archer Armor
26:18 Wheelbarrow
27:25 Bow Saw
noumha
13:05 Feudal Age
14:40 Fishing Lines
18:53 Double-Bit Axe
18:50 Horse Collar
21:36 Castle Age
19:25 Loom
21:04 Stone Mining
24:49 Crossbowman
Green Assassin
0:39 Loom
12:20 Feudal Age
21:02 Castle Age
19:29 Double-Bit Axe
20:07 Forging
21:36 Wheelbarrow
23:17 Iron Casting
Melkro
11:55 Feudal Age
13:06 Double-Bit Axe
21:37 Castle Age
22:19 Scale Mail Armor
21:43 Light Cavalry
22:35 Bloodlines
22:45 Pikeman
Szorinx
8:23 Loom
10:08 Feudal Age
12:01 Double-Bit Axe
17:34 Castle Age
18:59 Horse Collar
19:30 Bow Saw
24:40 Scale Barding Armor
25:45 Wheelbarrow
Azazel
3:56 Loom
10:35 Feudal Age
18:05 Castle Age
16:15 Double-Bit Axe
16:58 Stone Mining
16:52 Horse Collar
19:15 Bow Saw
[Tav]AirShogun
12:17 Feudal Age
17:16 Castle Age
15:51 Horse Collar
16:17 Double-Bit Axe
25:17 Wheelbarrow
27:12 Hand Cart
26:45 Loom
27:15 Gold Mining
27:38 Bow Saw
snek_fan
10:18 Feudal Age
14:00 Castle Age
13:35 Padded Archer Armor
13:36 Double-Bit Axe
16:44 Fletching
16:52 Loom
19:28 Bodkin Arrow
23:29 Leather Archer Armor
Connection lost

Rejoining the realm…

Still unreachable

The connection could not be restored.

Session expired

The server has moved on; the page needs a fresh start.